← All builds
Geo sea / Cortex / Economy first / OBSERVED BUILD

Standard geo sea

Cortex Geo sea build order · Supreme Isthmus

Builds Bot Lab then Shipyard in the cove, eating the lab for metal, and pushes out Orca, Riptide and Oppressor to contest the sea starting around 4-6 minutes, transitioning into a Riptide/Oppressor-heavy navy over the rest of the game.

Usually shipyard in the cove (98%)

#naval #eco · 1752 distinct matches · 186 players · 80% of Cortex Geo sea games · team won 53% of 2052 · Recently observed

HOW TO PLAY IT

Key timing: Bot Lab by 1:12, Shipyard by 3:17

  1. Open 3 mex into wind, then drop Bot Lab in cove.
  2. Finish Bot Lab, keep teching mex and wind.
  3. Get Shipyard up and start pumping subs and frigates.
  4. Eat the Bot Lab for metal once you have T1 units defending.
  5. Push out submarine, frigate, destroyer to contest sea.
  6. Bring geothermal online and transition toward T2 constructor.

Phase by phase

TYPICAL OF ITS 1752 GAMES
  1. 1
  2. 2
  3. 3
  4. 4
PLAY THE OPENING

Follow the example game's first 6:00 step by step: what to build now, what comes next, and where it goes. At 1× it keeps pace with your own game.

  1. 1

    Up to the Bot Lab

    Economy
    • Metal Extractor3Mex
    • Wind Turbine3Wind
    • Wind Turbine1Windfor allies
    Order
    1. Bot LabBot Lab after 3 mex, 3 winddone ~1:13, middle half 1:07–1:25

    By 0:55 in all: 3 mex · 3 wind

    The example game in this phase · 4 steps
    1. Mex ×3
    2. Wind ×5
    3. Energy storage
    4. Bot LabBot Labdone 1:32 · typical 1:13
  2. 2

    Bot Lab to Shipyard

    Economy
    • Metal Extractor1Mex
    • Wind Turbine1Wind
    Order
    1. ShipyardShipyard after 4 mex, 5 wind, 1 energy storagedone ~3:18, middle half 3:01–3:36
    Builders
    • Construction Bot3 Con bot
    • Graverobber2 Graverobber
    Army
    • Grunt1 Grunt

    Some games also: con turret (46%) · trasher (39%) · energy storage (36%)

    By 2:52 in all: 4 mex · 5 wind · 1 energy storage

    The example game in this phase · 7 steps
    1. GraverobberGraverobber ×2
    2. Construction BotCon bot ×3
    3. Mex
    4. GraverobberGraverobber
    5. GruntGrunt ×2
    6. Bot LabEat Bot Labreclaimed for its metal
    7. ShipyardShipyarddone 3:22 · typical 3:18
  3. 3

    Shipyard to 5:00

    Economy
    • Metal Extractor4Mex
    Order
    1. Bot LabEat Bot Lab
    Builders
    • Construction Ship1 Con ship
    Army
    • Riptide2 Frigate
    • Orca1 Submarine
    Other
    • Radar Tower1 Radar Tower

    Some games also: missile corvette (49%) · wind (49%) · Guard (48%) · destroyer (44%) · gunboat (39%)

    By 5:00 in all: 8 mex · 6 wind · 1 energy storage · 1 con turret

    The example game in this phase · 14 steps
    1. Mex
    2. Construction ShipCon ship
    3. RiptideFrigatedone 3:46 · typical 4:39
    4. Radar TowerRadar Tower
    5. Mex
    6. RiptideFrigate
    7. Mex
    8. OppressorDestroyerdone 4:38 · typical 5:54
    9. Con turret
    10. Mex
    11. Converter
    12. HerringMissile corvette
    13. Converter
    14. Death CavalryDeath Cavalry
  4. 4

    5:00 to 10:00

    Economy
    • Metal Extractor2Mex
    • Wind Turbine8Wind
    • Energy Converter2Converter
    Order
    1. Geothermal PowerplantGeo after 9 mex, 9 wind, 2 converterin 53% of games
    Builders
    • Construction Turret1 Con turret
    • Death Cavalry2 Death Cavalry
    • Construction Ship1 Con ship
    Army
    • Guard1 Guard
    • Riptide5 Frigate
    Other
    • Naval Radar / Sonar Tower2 Naval Radar / Sonar Tower

    Some games also: Thistle (38%) · submarine (32%)

    By 10:00 in all: 10 mex · 15 wind · 1 geo · 4 converter · 1 energy storage · 2 con turret

    The example game in this phase · 91 steps
    1. Mex
    2. RiptideFrigate
    3. Converter
    4. Wind
    5. RiptideFrigate
    6. Naval Radar / Sonar TowerNaval Radar / Sonar Tower
    7. Wind
    8. Converter
    9. RiptideFrigate
    10. Wind
    11. OppressorDestroyer
    12. Wind
    13. Converter
    14. Naval Radar / Sonar TowerNaval Radar / Sonar Tower
    15. Con turret
    16. Converter
    17. Wind
    18. OrcaSubmarinedone 7:17 · typical 4:17
    19. HerringMissile corvette
    20. Wind ×2
    21. Death CavalryDeath Cavalry
    22. GuardGuard
    23. Wind
    24. Con turret
    25. Wind
    26. RiptideFrigate
    27. Wind
    28. Geothermal PowerplantGeodone 9:31 · typical 8:13
    29. Wind
    30. RiptideFrigate
    31. Wind
    32. Con turret ×2
    33. Construction ShipCon ship
    34. Advanced solar
    35. RiptideFrigate
    36. Advanced solar
    37. OppressorDestroyer
    38. Con turret
    39. Mex
    40. Converter
    41. HerringMissile corvette
    42. RiptideFrigate
    43. Construction ShipCon ship
    44. Converter
    45. Advanced ShipyardAdvanced Shipyarddone 10:42
    46. Converter ×3
    47. Mex
    48. Converter ×2
    49. Advanced Construction SubAdvanced Construction Sub
    50. Naval Radar / Sonar TowerNaval Radar / Sonar Tower
    51. Converter
    52. PathfinderPathfinder
    53. Converter
    54. PathfinderPathfinder
    55. Naval Advanced Metal ExtractorNaval Advanced Metal Extractordone 11:36
    56. Converter
    57. PathfinderPathfinder
    58. Converter
    59. PathfinderPathfinder
    60. Converter
    61. Naval Radar / Sonar TowerNaval Radar / Sonar Tower
    62. PathfinderPathfinder
    63. Converter
    64. OasisOasis
    65. Converter
    66. Advanced Metal ExtractorT2 mexdone 12:29 · typical 9:24
    67. Naval Advanced Metal ExtractorNaval Advanced Metal Extractor
    68. Mex
    69. Converter
    70. Radar TowerRadar Tower
    71. Converter
    72. OasisOasis
    73. Wind
    74. Naval Radar / Sonar TowerNaval Radar / Sonar Tower
    75. Wind
    76. Con turret
    77. Wind ×2
    78. Con turret
    79. Advanced Metal ExtractorT2 mex
    80. Wind
    81. Naval Advanced Metal ExtractorNaval Advanced Metal Extractor
    82. Wind ×4
    83. Naval Radar / Sonar TowerNaval Radar / Sonar Tower
    84. Wind
    85. Advanced Metal ExtractorT2 mex
    86. Wind ×3
    87. Naval Advanced Metal ExtractorNaval Advanced Metal Extractor
    88. Wind ×4
    89. Naval Advanced Metal ExtractorNaval Advanced Metal Extractor
    90. Naval Radar / Sonar TowerNaval Radar / Sonar Tower
    91. Advanced Metal ExtractorT2 mex

Counts are medians over the build's games: half of them build more, half fewer. The example game is ToStupidToName's (36 OS, 13/08/2026); pick another.

Team trades

IN AT LEAST 30% OF ITS GAMES

You hand over

  • Wind Turbine2 Wind to Airfirst at 1:44 · in 72% of games

You get

  • Finch1 Finch from Airfirst at 1:52 · in 82% of games
  • Hercules1 Light transport from Airfirst at 1:59 · in 76% of games
  • Advanced Construction Bot1 T2 con bot from Techfirst at 7:44 · in 90% of games

How it plays out

Typical game of this build, running totals by minute

Metal produced

010k20k30k
0:005:0010:0015:00

metal

Enemy metal destroyed

05k10k
0:005:0010:0015:00

metal

Own metal lost

02.5k5k7.5k
0:005:0010:0015:00

metal

2052 games.

Show as table
ByMetal produced: This buildEnemy metal destroyed: This buildOwn metal lost: This build
1:0039800
2:0092900
3:00155500
4:002865051
5:00406714652
6:005415441232
7:006891905545
8:0085751551915
9:001040224631361
10:001252635422035
11:001506647142813
12:001801260533665
13:002121472314373
14:002476984355219
15:002857196256203
WHAT THE NUMBERS SAY

This is the role's own baseline, winning a bit over half its games with steady eco scaling and sea trades roughly matching losses.

  • + Team wins slightly over half of games played.
  • + Metal production scales from ~4k to ~29.5k by 15:00.
  • − Own metal lost climbs to 6875 by 15:00, matching kills closely.
  • − T2 factory only reached in 40% of games, limiting late power.
THE EXAMPLE YOU ARE READING

ToStupidToName

35.6 OS · 13/08/2026

Open source match ↗

1 received units · includes a constructor
163 metal received · 105478 energy received

Allied construction assistance is unknown. Timings are observations, not a promise of solo reproducibility.

Typical milestones

Bot Lab1:13Middle 50%: 1:07–1:25 · n=2025
Shipyard3:18Middle 50%: 3:01–3:36 · n=2043
Orca4:17Middle 50%: 3:52–5:00 · n=1389
Riptide4:39Middle 50%: 4:08–5:22 · n=1999
Oppressor5:54Middle 50%: 5:11–6:40 · n=1876
Geothermal Powerplant8:13Middle 50%: 7:13–9:26 · n=1331
Advanced Metal Extractor9:24Middle 50%: 8:48–10:21 · n=1790

Played most by

SHOGVN222games of this buildsirniho126games of this buildElpoloow118games of this buildOptimusprimenutt95games of this buildhihimik72games of this build